 Dungeon Crawl Stone Soup version 0.31-a0-859-g9dce7d3444 (webtiles) character file.

Game seed: 8677003018617524142

4880 DocEon the Severer (level 10, -3/74 (77) HPs)
             Began as a Minotaur Berserker on Oct 9, 2023.
             Was an Elder of Trog.
             Slain by a hornet (14 damage)
             ... on level 8 of the Dungeon.
             The game lasted 00:04:36 (7062 turns).

DocEon the Severer (Minotaur Berserker)             Turns: 7062, Time: 00:04:37

HP:   -3/74 (77)    AC:  9    Str: 24    XL:     10   Next: 26%
MP:   9/9           EV: 10    Int:  4    God:    Trog [****..]
Gold: 365           SH:  0    Dex: 12    Spells: 9/9 levels left

rFire   . . .        u - +0 battleaxe (elec)
rCold   + . .        (shield currently unavailable)
rNeg    . . .        h - +1 scale mail
rPois   .            (helmet restricted)
rElec   .            z - +0 cloak
rCorr   .            v - +0 pair of gloves
SInv    .            (no boots)
Will    .....        (no amulet) Stlth
                     c - ring of protection from cold
HPRegen 0.32/turn    (no ring)
MPRegen 0.11/turn

%: no passive effects
@: slowed, lightly drained, very slow
A: horns 2, retaliatory headbutt
a: Renounce Religion, Berserk, Trog's Hand, Brothers in Arms


You were on level 8 of the Dungeon.
You worshipped Trog.
Trog was greatly pleased with you.
You visited 2 branches of the dungeon, and saw 9 of its levels.

You collected 365 gold pieces.

Inventory:

Hand Weapons
 a - a +1 hand axe of venom
 b - a +3 hand axe of freezing
 u - a +0 battleaxe of electrocution (weapon)
Armour
 h - a +1 scale mail (worn)
 v - a +0 pair of gloves (worn)
 w - a scarf of resistance
 z - a +0 cloak (worn)
Jewellery
 c - a ring of protection from cold (left hand)
 i - an amulet of magic regeneration
Wands
 p - a wand of roots (9)
 s - a wand of flame (12)
 y - a wand of light (5)
Scrolls
 g - 2 scrolls of revelation
 m - 2 scrolls of teleportation
 x - a scroll of fog
 A - a scroll of enchant weapon
 B - a scroll of vulnerability
Potions
 d - 3 potions of attraction
 e - a potion of magic
 f - 2 potions of curing
 j - 2 potions of heal wounds
 k - 3 potions of enlightenment
 l - 2 potions of ambrosia
 n - a potion of mutation {unknown}
 o - 2 potions of haste
 q - a potion of lignification {unknown}
 r - a potion of cancellation {unknown}
 t - a potion of brilliance {unknown}


   Skills:
 - Level 3.6 Fighting
 + Level 17.8 Axes
 - Level 2.4 Armour
 - Level 2.1 Dodging


You had 9 spell levels left.
You didn't know any spells.
Your spell library was empty.

Dungeon Overview and Level Annotations

Branches:
Dungeon (8/15)             Temple (1/1) D:5
   Lair: D:8-11

Altars:
Ashenzari
Cheibriados
Dithmenos
Elyvilon
Fedhas
Gozag
Kikubaaqudgha
Makhleb
Nemelex Xobeh
Qazlal
Ru
Trog
Vehumet
Wu Jian
Xom
Zin
The Shining One

Shops:
D:5 (


Innate Abilities, Weirdness & Mutations

You have a pair of horns on your head.
You reflexively headbutt those who attack you in melee.


Message History

You slash the bush! Lightning courses through the bush! The hornet stings you!
You feel as though you will be slow longer.
The hornet stings you but does no damage.
You slash the hornet!
The hornet is heavily wounded.
You hit the bush but do no damage. The hornet barely misses you.
You furiously retaliate!
You headbutt the hornet! The hornet stings you.
You are poisoned.
You feel as though you will be slow longer.
A hornet is nearby!
You miss the hornet.
The hornet is severely wounded.
You hit the bush.
You feel very sick. The hornet stings you!
You are more poisoned.
You feel as though you will be slow longer.
The hornet stings you!
You feel as though you will be slow longer.
You are too injured to fight recklessly!
You are too injured to fight recklessly!
You closely miss the hornet.
The hornet is severely wounded.
You slash the bush!
You feel very sick. The hornet misses you. The hornet stings you!
* * * LOW HITPOINT WARNING * * *
You feel as though you will be slow longer.
You miss the hornet.
The hornet is severely wounded.
You hit the bush. Lightning courses through the bush!
You feel very sick. The hornet stings you!
* * * LOW HITPOINT WARNING * * *
You feel as though you will be slow longer.
The hornet stings you but does no damage.
You feel better.
The hornet stings you but does no damage.
The hornet stings you!
You die...

.........^.≈≈ ########
##.##.#.##... ##......##
#...##### ##........##
##..<...# #..........# #..###..
#..........# ####...#..
#..........# #.........
#..........###### ########.#
#...........#.@y###...###...#..
##............P....._.....P...#
#..........##...###...###...###
#..........###### #.# #######
#..........# #.# #.....
#..........# #####.#####.###.
#..........# #..#...#....###.
##...'##########'.#.P.#...###..
##..#...# #...#.#...#...# #.#


You could see a hornet.

Vanquished Creatures
  Pikel (D:5)
  Jeremiah (D:8)
  A hornet (D:8)
  A vampire (D:7)
  A wyvern (D:8)
  5 yaks (D:8)
  The ghost of awesomeguy42 the Grave Robber, an amateur HuNe (D:3)
  A water moccasin (D:5)
  3 black bears
  3 sky beasts
  2 ice beasts
  An ogre (D:5)
  4 centaurs
  3 bullfrogs (D:8)
  A gnoll sergeant (D:7)
  2 scorpions
  9 wights
  2 howler monkeys
  5 orc priests
  A gnoll bouda (D:7)
  2 hounds
  2 jellies
  2 iguanas
  4 orc wizards
  8 adders
  8 gnolls (D:7)
  A white imp (D:7)
  A worm (D:5)
  3 dart slugs (D:3)
  18 orcs
  6 ball pythons
  3 bats (D:2)
  3 endoplasms
  3 giant cockroaches
  6 goblins
  6 hobgoblins
  4 jackals (D:1)
  A quokka (D:3)
  2 frilled lizards
  10 kobolds
  5 rats
146 creatures vanquished.

Notes
Turn   | Place    | Note
-------+----------+-------------------------------------------
     0 | D:1      | DocEon the Minotaur Berserker began the quest for the Orb.
     0 | D:1      | Reached XP level 1. HP: 19/19 MP: 0/0
   110 | D:1      | Reached skill level 4 in Axes
   286 | D:1      | Reached XP level 2. HP: 23/26 MP: 1/1
   788 | D:2      | Reached skill level 5 in Axes
   817 | D:2      | Reached XP level 3. HP: 31/31 MP: 2/2
  1043 | D:2      | Reached ** piety under Trog
  1489 | D:3      | Noticed awesomeguy42's ghost (amateur HuNe)
  1493 | D:3      | Found a runed translucent door.
  1696 | D:3      | Reached XP level 4. HP: 39/39 MP: 3/3
  1757 | D:3      | Reached skill level 6 in Axes
  1886 | D:3      | Killed awesomeguy42's ghost
  1887 | D:3      | Reached skill level 7 in Axes
  1887 | D:3      | Reached XP level 5. HP: 45/45 MP: 4/4
  2186 | D:4      | Reached skill level 8 in Axes
  2319 | D:4      | Found a snail-covered altar of Cheibriados.
  2321 | D:4      | Found a bloodstained altar of Trog.
  2326 | D:4      | Found a glowing silver altar of Zin.
  2487 | D:4      | Noticed a black bear
  2493 | D:4      | Killed a black bear
  2494 | D:4      | Reached XP level 6. HP: 37/51 MP: 5/5
  2769 | D:5      | Entered Level 5 of the Dungeon
  2783 | D:5      | Reached skill level 9 in Axes
  2944 | D:5      | Noticed a water moccasin
  2955 | D:5      | Killed a water moccasin
  2956 | D:5      | Reached skill level 10 in Axes
  2956 | D:5      | Reached XP level 7. HP: 50/57 MP: 6/6
  3165 | D:5      | Found a staircase to the Ecumenical Temple.
  3192 | D:5      | Noticed a +0 quick blade
  3195 | D:5      | Found Tyntesh's Weapon Shop.
  3202 | D:5      | Noticed a +0 triple crossbow
  3621 | D:5      | Noticed Pikel
  3632 | D:5      | Killed Pikel
  3633 | D:5      | Reached skill level 12 in Axes
  3633 | D:5      | Reached XP level 8. HP: 54/64 MP: 7/7
  3772 | Temple   | Entered the Ecumenical Temple
  3847 | D:6      | Reached *** piety under Trog
  3901 | D:6      | Found an ancient bone altar of Kikubaaqudgha.
  4255 | D:6      | Reached skill level 13 in Axes
  4494 | D:6      | Reached skill level 14 in Axes
  4885 | D:7      | Found an ornate altar of the Wu Jian Council.
  4894 | D:7      | Reached XP level 9. HP: 59/70 MP: 8/8
  5080 | D:7      | Reached skill level 15 in Axes
  6010 | D:7      | Reached skill level 16 in Axes
  6050 | D:7      | Found a glowing golden altar of the Shining One.
  6114 | D:7      | Reached **** piety under Trog
  6286 | D:8      | Paralysed by a hornet for 2 turns
  6298 | D:7      | HP: 3/70 [poisoned by a hornet]
  6600 | D:8      | Found a stormy altar of Qazlal.
  6620 | D:8      | Found a white marble altar of Elyvilon.
  6623 | D:8      | Found an opulent altar of Gozag.
  6650 | D:8      | Reached skill level 17 in Axes
  6650 | D:8      | Reached XP level 10. HP: 75/77 MP: 9/9
  6911 | D:8      | Noticed Jeremiah
  6931 | D:8      | Killed Jeremiah
  7062 | D:8      | Slain by a hornet

Illustrated notes

Levels and vault maps discovered:
D:1:      roderic_crossed_star, layout_basic, glass_columns_b
D:2:      wander_river, layout_basic
D:3:      layout_rooms, hellmonk_ghost_happy_afterlife
D:4:      layout_loops_ring, minitemple
D:5:      layout_loops_corners, minmay_temple_entry_glassed_door, serial_shops,
          nicolae_shop_mannequins, uniq_pikel
D:6:      layout_loops_ring, kiku_gazebo_pond_becter, kennysheep_generic_room_8
D:7:      layout_loops_corners, tso_metal_star,
          mainiacjoe_overflow_concentric_impassable
D:8:      layout_rooms, elyvilon_altar_1, grunt_qazlal_sundering,
          mainiacjoe_overflow_paths, roderic_st_hans_cross,
          nicolae_figureground_pulse, uniq_jeremiah
Temple:   pf_temple_reverse_labyrinth

Skill      XL: |  1  2  3  4  5  6  7  8  9 |
---------------+----------------------------+-----
Axes           | 4 5 7 8 10 12 14 17 | 17.8
Fighting       | |  3.6
Armour         | |  2.4
Dodging        | |  2.1

Action                     |  1- 3 |  4- 6 |  7- 9 | 10-12 || total
---------------------------+-------+-------+-------+-------++-------
  Melee: Hand axe          |    89 |    56 |   141 |       ||   286
         Headbutt          |    14 |     8 |    45 |     6 ||    73
         Battleaxe         |       |       |    60 |    28 ||    88
 Invoke: Berserk           |       |     1 |     4 |       ||     5
         Trog's Hand       |       |       |       |     1 ||     1
    Use: Scroll            |       |    10 |     7 |       ||    17
         Potion            |       |       |       |     1 ||     1
   Stab: Sleeping          |     2 |       |       |       ||     2
 Armour: Animal skin       |    14 |       |       |       ||    14
         Scale mail        |    34 |    44 |   154 |    29 ||   261
  Dodge: Dodged            |    51 |    23 |    69 |    13 ||   156

Table legend: (Time is in decaauts)
 A = Elapsed time spent in this place.
 B = Non-inter-level travel time spent in this place.
 C = Inter-level travel time spent in this place.
 D = Time resting spent in this place.
 E = Time spent auto-exploring this place.
 F = Levels seen in this place.
 G = Mean time per level.
                   A        B        C        D        E       F      G
               +--------+--------+--------+--------+--------+-----+--------+
         Total |   7082 |   6931 |    151 |   1394 |   4657 |   9 |  786.9 |
       Dungeon |   7080 |   6929 |    151 |   1394 |   4657 |   8 |  885.0 |
        Temple |      1 |      1 |      0 |      0 |      0 |   1 |    1.0 |
               +--------+--------+--------+--------+--------+-----+--------+

Top non-repeatable levels by time:
     D:7: 1548 daAuts
     D:6: 1121 daAuts
     D:5: 1034 daAuts
     D:1: 788 daAuts
     D:3: 721 daAuts
     D:4: 671 daAuts
     D:2: 622 daAuts
     D:8: 571 daAuts
  Temple: 1 daAuts
